 Dungeon Crawl Stone Soup version 0.31-a0-188-g5e087ee2ca (webtiles) character file.

Game seed: 16593839015042851561

990 qw the Skirmisher (level 7, -6/41 HPs)
             Began as a Deep Elf Hunter on June 23, 2023.
             Was an Initiate of Okawaru.
             Killed from afar by an orc wizard (13 damage)
             ... with a puff of flame
             ... on level 5 of the Dungeon.
             The game lasted 00:01:32 (4206 turns).

qw the Skirmisher (Deep Elf Hunter)                 Turns: 4206, Time: 00:01:33

Health: -6/41      AC:  6    Str: 10      XL:     7   Next: 98%
Magic:  9/9        EV: 12    Int: 12 (14) God:    Okawaru [......]
Gold:   127        SH:  0    Dex: 19 (21) Spells: 6/6 levels left

rFire   x . .        Y - +0 shortbow
rCold   + . .        (shield currently unavailable)
rNeg    . . .        g - +0 ring mail
rPois   .            (no helmet)
rElec   .            (no cloak)
rCorr   .            f - +0 pair of gloves "Darph" {Will+ Slay+3}
SInv    .            (no boots)
Will    +....        (no amulet)
Stlth   +            c - ring of Wurux {Ice Dex+3}
HPRegen 0.26/turn    (no ring)
MPRegen 0.11/turn

%: no passive effects
@: about to teleport
A: no striking features
a: Renounce Religion


You were on level 5 of the Dungeon.
You worshipped Okawaru.
Okawaru was noncommittal.
You visited 2 branches of the dungeon, and saw 6 of its levels.

You collected 347 gold pieces.
You spent 220 gold pieces at shops.


   Skills:
 - Level 3.3 Fighting
 + Level 11.5 Ranged Weapons
 - Level 1.2 Armour
 - Level 3.9 Dodging
 - Level 1.2 Stealth


You had 6 spell levels left.
You didn't know any spells.
Your spell library was empty.

Inventory:

Hand Weapons
 Y - a +0 shortbow (weapon)
Armour
 f - the +0 pair of gloves "Darph" (worn) {Will+ Slay+3}
   (You found it on level 5 of the Dungeon)

   Slay:      It affects your accuracy & damage with ranged weapons and melee
   (+3).
   Will:      It increases your willpower.
 g - a +0 ring mail (worn)
Jewellery
 c - the ring of Wurux (left hand) {Ice Dex+3}
   (You found it on level 2 of the Dungeon)

   [ring of ice]

   It enhances your ice magic.
   Dex:       It affects your dexterity (+3).
   rF:        It makes you vulnerable to fire.
   rC:        It protects you from cold.
Scrolls
 a - a scroll of identify
Potions
 b - 2 potions of haste
 e - a potion of invisibility {unknown}
 i - a potion of mutation {unknown}
 j - 2 potions of curing {unknown}
 k - a potion of cancellation
 l - a potion of attraction {unknown}
 n - a potion of ambrosia {unknown}

Dungeon Overview and Level Annotations

Branches:
Dungeon (5/15)             Temple (1/1) D:5

Altars:
Ashenzari
Dithmenos
Elyvilon
Fedhas
Gozag
Hepliaklqana
Kikubaaqudgha
Nemelex Xobeh
Okawaru
Sif Muna
Trog
Uskayaw
Vehumet
Wu Jian
Zin
The Shining One

Shops:
D:4 *!(:

Annotations:
D:3 exclusion: iron imp


Message History

You kill the orc!
Okawaru accepts your kill. The orc closely misses you.
Something hits you but does no damage. The orc hits you but does no damage.
The orc wizard completely misses you.
The orc wizard hits you but does no damage.
You shoot an arrow. The arrow hits the orc wizard!
You kill the orc wizard!
Okawaru accepts your kill. The orc completely misses you.
The orc closely misses you. Something hits you.
The orc wizard barely misses you.
You shoot an arrow. The arrow hits the orc wizard!
You kill the orc wizard!
Okawaru accepts your kill. The orc barely misses you.
The orc priest closely misses you. The orc misses you. Something hits you.
You shoot an arrow. The arrow hits the orc.
You kill the orc!
Okawaru accepts your kill. The orc barely misses you.
Something barely misses you. The orc priest hits you with a +0 mace.
The orc closely misses you.
You shoot an arrow.
The arrow closely misses the orc priest.
The orc barely misses you. Something hits you but does no damage.
The orc priest hits you with a +0 mace! The orc completely misses you.
4204 ||| READING scroll of teleportation.
As you read the scroll of teleportation, it crumbles to dust.
You feel strangely unstable. The orc hits you but does no damage.
Something hits you. The orc priest hits you with a +0 mace.
The orc barely misses you.
You shoot an arrow. The arrow hits the orc priest!
The orc priest is heavily wounded.
The orc barely misses you. Something hits you but does no damage.
The orc priest hits you but does no damage.
The orc misses you.
You shoot an arrow. The arrow barely misses the orc priest.
The orc hits you but does no damage.
You hear some strange, mumbled words.
A puff of flame appears from out of thin air!
The puff of flame hits you! The fire burns you terribly!
You die... ######## oo...

#......# #o#.# #......#
#.#.# #......#
#)#.#########......# #
#o#>...............# #...
#.#.#####.##.......#
#...<#)#)### #.###......#
#...)o@o.# #.# #......#
...[...o{..###.###......#
###.....................'
#............###......#
#........##### ######.#
#........# #.. #........#
##. #........# #.
########## #.


You could see an orc priest and 2 orcs.

Vanquished Creatures
  Sigmund (D:4)
  Menkaure (D:4)
  Pargi (D:4)
  2 black bears
  A phantom (D:5)
  2 hounds
  3 iguanas (D:5)
  Terence (D:3)
  3 orc wizards (D:5)
  3 adders
  2 shadow imps (D:5)
  A worm (D:2)
  2 dart slugs
  4 orcs (D:5)
  8 endoplasms
  4 giant cockroaches
  5 goblins
  3 hobgoblins
  4 jackals (D:4)
  7 kobolds
  4 quokkas
  4 ball pythons
  4 bats
  A frilled lizard (D:1)
  7 rats
78 creatures vanquished.

Notes
Turn   | Place    | Note
-------+----------+-------------------------------------------
     0 | D:1      | qw the Deep Elf Hunter began the quest for the Orb.
     0 | D:1      | Reached XP level 1. HP: 12/12 MP: 3/3
     0 | D:1      | 0 ||| qw: Version: 0.3-a-9-g12657ce
     0 | D:1      | 0 ||| qw: Game counter: 3111
     0 | D:1      | 0 ||| qw: Always use a shield: true
     0 | D:1      | 0 ||| qw: God list: Okawaru
     0 | D:1      | 0 ||| qw: Allow faded altars: false
     0 | D:1      | 0 ||| qw: Do Orc after D:15 true
     0 | D:1      | 0 ||| qw: Do second Lair branch before Depths: true
     0 | D:1      | 0 ||| qw: Lair rune preference: random
     0 | D:1      | 0 ||| qw: Plans: Normal
     0 | D:1      | 0 ||| PLANNING D:1-11
   108 | D:1      | Reached XP level 2. HP: 16/16 MP: 4/4
   117 | D:1      | Reached skill level 6 in Ranged Weapons
   486 | D:1      | Reached XP level 3. HP: 20/20 MP: 5/5
   729 | D:1      | 729 ||| UPGRADING to +0 ring mail.
   739 | D:1      | 739 ||| DROPPING +0 leather armour.
   740 | D:1      | 740 ||| READING 2 scrolls labelled PIUNUZ WEOTUITH.
   741 | D:1      | 741 ||| READING scroll labelled QIGGARPH UCKIEGGOK.
   742 | D:1      | 742 ||| READING scroll labelled DIMEIR IXASIDGH.
   843 | D:1      | 843 ||| DROPPING scroll of butterflies.
   898 | D:2      | Identified the ring of Wurux {Ice Dex+3}
   985 | D:2      | Found a faded altar of an unknown god.
  1468 | D:2      | 1468 ||| UPGRADING to ring of Wurux {Ice Dex+3}.
  1469 | D:2      | 1469 ||| READING scroll labelled WYNERO JAMUE.
  1470 | D:2      | 1470 ||| READING scroll labelled YSUKHI GOF HUTE.
  1471 | D:2      | 1471 ||| DRINKING 3 amethyst potions.
  1504 | D:3      | Reached skill level 7 in Ranged Weapons
  1512 | D:3      | Noticed a black bear
  1518 | D:3      | Killed a black bear
  1519 | D:3      | Reached skill level 8 in Ranged Weapons
  1519 | D:3      | Reached XP level 4. HP: 25/25 MP: 6/6
  1553 | D:3      | Reached XP level 5. HP: 29/29 MP: 7/7
  1662 | D:3      | Noticed Terence
  1669 | D:3      | HP: 2/29 [Terence/+0 flail (6)]
  1670 | D:3      | 1670 ||| DRINKING 2 potions of heal wounds.
  1672 | D:3      | Killed Terence
  1897 | D:3      | 1897 ||| READING scroll labelled ZINEIWOUSU.
  1898 | D:3      | 1898 ||| READING scroll labelled YMIZXI VIOTYRU.
  1924 | D:3      | Reached skill level 9 in Ranged Weapons
  2157 | D:3      | 2157 ||| DRINKING 2 grey potions.
  2165 | D:4      | Found Winul's Assorted Antiques.
  2172 | D:4      | 2172 ||| BUYING potion of heal wounds (110 gold).
  2172 | D:4      | Bought a potion of heal wounds for 110 gold pieces
  2172 | D:4      | 2172 ||| BUYING scroll labelled HUSSYA IFONNED (22 gold).
  2172 | D:4      | Bought a scroll labelled HUSSYA IFONNED for 22 gold pieces
  2172 | D:4      | 2172 ||| BUYING scroll labelled WIXKIH FEPISU (22 gold).
  2172 | D:4      | Bought a scroll labelled WIXKIH FEPISU for 22 gold pieces
  2172 | D:4      | 2172 ||| BUYING scroll labelled WIXKIH FEPISU (22 gold).
  2172 | D:4      | Bought a scroll labelled WIXKIH FEPISU for 22 gold pieces
  2172 | D:4      | 2172 ||| BUYING scroll of identify (44 gold).
  2172 | D:4      | Bought a scroll of identify for 44 gold pieces
  2172 | D:4      | 2172 ||| SHOPLISTING silver wand (88 gold, have 19).
  2272 | D:4      | Noticed Sigmund
  2279 | D:4      | Killed Sigmund
  2280 | D:4      | Reached skill level 3 in Fighting
  2280 | D:4      | Reached XP level 6. HP: 27/37 MP: 8/8
  2346 | D:4      | Found Xicwam's Antique Weapon Boutique.
  2349 | D:4      | Noticed Pargi
  2366 | D:4      | HP: 9/37 [Pargi (1)]
  2367 | D:4      | 2367 ||| DRINKING 2 potions of heal wounds.
  2371 | D:4      | Killed Pargi
  2372 | D:4      | Reached skill level 3 in Dodging
  2430 | D:4      | Found Futupup's Distillery.
  2433 | D:4      | 2433 ||| SHOPLISTING glowing longbow (190 gold, have 19).
  2436 | D:4      | 2436 ||| SHOPLISTING 2 potions of mutation (208 gold, have
                  | 19).
  2436 | D:4      | 2436 ||| SHOPLISTING potion of enlightenment (65 gold, have
                  | 19).
  2436 | D:4      | 2436 ||| SHOPLISTING potion of might (52 gold, have 19).
  2436 | D:4      | 2436 ||| SHOPLISTING potion of mutation (104 gold, have
                  | 19).
  2468 | D:4      | 2468 ||| DROPPING +0 sling of draining.
  2474 | D:4      | Noticed Menkaure
  2475 | D:4      | 2475 ||| FLEEEEING.
  2489 | D:4      | 2489 ||| FLEEEEING.
  2490 | D:4      | 2490 ||| FLEEEEING.
  2500 | D:4      | 2500 ||| STAIRDANCE
  2579 | D:3      | 2579 ||| READING scroll labelled HUSSYA IFONNED.
  2645 | D:3      | 2645 ||| READING 2 scrolls labelled WIXKIH FEPISU.
  2649 | D:3      | 2649 ||| READING 2 scrolls of identify.
  2649 | D:3      | 2649 ||| IDENTIFYING clear potion
  2650 | D:3      | 2650 ||| DROPPING potion of brilliance.
  2678 | D:4      | Killed Menkaure
  2679 | D:4      | Reached XP level 7. HP: 41/41 MP: 9/9
  2701 | D:4      | Found a hide-covered altar of Uskayaw.
  2751 | D:4      | Found Taykhlakk's Book Shop.
  2907 | D:4      | Found an opulent altar of Gozag.
  3117 | D:4      | 3117 ||| DRINKING 2 glowing pink potions.
  3118 | D:4      | 3118 ||| DROPPING potion of degeneration.
  3131 | D:5      | Entered Level 5 of the Dungeon
  3164 | D:5      | Reached skill level 10 in Ranged Weapons
  3252 | D:5      | 3252 ||| FLEEEEING.
  3253 | D:5      | 3253 ||| STAIRDANCE
  3351 | D:5      | Found a hazy altar of Hepliaklqana.
  3467 | D:5      | Identified the +0 pair of gloves "Darph" {Will+ Slay+3}
  3589 | D:5      | HP: 10/41 [black bear (4)]
  3590 | D:5      | 3590 ||| READING 2 scrolls of teleportation.
  3592 | D:5      | 3592 ||| DRINKING potion of heal wounds.
  3594 | D:5      | Reached skill level 11 in Ranged Weapons
  3713 | D:5      | Found a staircase to the Ecumenical Temple.
  3715 | D:5      | 3715 ||| PLANNING TEMPLE
  3715 | D:5      | 3715 ||| UPGRADING to +0 pair of gloves "Darph" {Will+
                  | Slay+3}.
  3720 | D:5      | 3720 ||| DRINKING 2 red potions.
  3729 | Temple   | Entered the Ecumenical Temple
  3878 | Temple   | 3878 ||| PLANNING OKAWARU WORSHIP
  3969 | Temple   | Became a worshipper of Warmaster Okawaru
  3970 | Temple   | 3970 ||| PLANNING D:1-11
  4174 | D:5      | 4174 ||| Stepping ~*~*~tactically~*~*~ (outnumbered).
  4176 | D:5      | 4176 ||| Stepping ~*~*~tactically~*~*~ (outnumbered).
  4181 | D:5      | Reached skill level 1 in Armour
  4181 | D:5      | 4181 ||| Stepping ~*~*~tactically~*~*~ (outnumbered).
  4203 | D:5      | HP: 10/41 [orc priest/+0 mace (7)]
  4204 | D:5      | 4204 ||| READING scroll of teleportation.
  4206 | D:5      | Killed from afar by an orc wizard

Levels and vault maps discovered:
D:1:      dpeg_arrival_shelter, layout_basic, minmay_heptomino_d4
D:2:      layout_loops_ring, ebering_ecumenical_altar_sacrificial,
          nicolae_figureground_sparkle
D:3:      minmay_general_purpose_star, layout_basic, demons_altar, uniq_terence
D:4:      layout_loops_cross, lemuel_tele_altar, nicolae_gozag_seed_capital,
          serial_shops, shop, shop_fountains, shop, shop_fountains,
          nicolae_letterblocks [nicolae_letter_subblock,
          nicolae_letter_subblock, nicolae_letter_subblock,
          nicolae_letter_subblock, nicolae_letter_subblock,
          nicolae_letter_subblock, nicolae_letter_subblock,
          nicolae_letter_subblock, nicolae_letter_subblock,
          nicolae_letter_subblock, nicolae_letter_subblock,
          nicolae_letter_subblock, nicolae_letter_subblock,
          nicolae_letter_subblock, nicolae_letter_subblock,
          nicolae_letter_subblock, nicolae_letter_subblock,
          nicolae_letter_subblock, nicolae_letter_subblock,
          nicolae_letter_subblock, nicolae_letter_subblock,
          nicolae_letter_subblock, nicolae_letter_subblock,
          nicolae_letter_subblock, nicolae_letter_subblock], uniq_sigmund,
          uniq_menkaure, uniq_pargi
D:5:      layout_basic, mainiacjoe_overflow_brackets, minmay_temple_entry_grid
Temple:   nicolae_temple_figure_eight

Skill      XL: |  1  2  3  4  5  6  7 |
---------------+----------------------+-----
Ranged Weapons | 6 8 9 11 | 11.5
Fighting       | 3 |  3.3
Dodging        | 3 |  3.9
Armour         | 1 |  1.2
Stealth        | |  1.2

Action                     |  1- 3 |  4- 6 |  7- 9 || total
---------------------------+-------+-------+-------++-------
   Fire: Shortbow          |   104 |    88 |   132 ||   324
    Use: Scroll            |     5 |     5 |     2 ||    12
         Potion            |     1 |     3 |     3 ||     7
 Armour: Leather armour    |     4 |       |       ||     4
         Ring mail         |     7 |    25 |    37 ||    69
  Dodge: Dodged            |     9 |    37 |    73 ||   119

Table legend:
 A = Non-vault XP
 B = Vault XP
 C = Vault XP percentage of total XP
 D = Non-vault monster count
 E = Vault monster count
 F = Vault count percentage of total count
                 A         B        C        D         E       F
            +---------+---------+-------+---------+---------+-------
      Total |     834 |     581 |  41.1 |      68 |      10 |  12.8
            +---------+---------+-------+---------+---------+-------
        D:1 |      43 |       5 |  10.4 |      25 |       3 |  10.7
        D:2 |      13 |       0 |   0.0 |       5 |       0 |   0.0
        D:3 |     177 |      45 |  20.3 |      16 |       4 |  20.0
        D:4 |      68 |     531 |  88.6 |       7 |       3 |  30.0
        D:5 |     533 |       0 |   0.0 |      15 |       0 |   0.0
            +---------+---------+-------+---------+---------+-------
